 Dungeon Crawl Stone Soup version 0.30.0-11-gf55b779eaf (webtiles) character file.

Game seed: 638194262415105222

2088 GigaChad the Covered (level 9, -17/72 (79) HPs)
             Began as an Armataur Fighter on May 17, 2023.
             Was an Initiate of Gozag.
             Shot with a sling bullet by Joseph (18 damage)
             ... on level 7 of the Dungeon.
             The game lasted 00:05:57 (5785 turns).

GigaChad the Covered (Armataur Fighter)             Turns: 5785, Time: 00:05:58

HP:   -17/72 (79)   AC: 11    Str: 17 (23) XL:     9   Next: 6%
MP:   9/9           EV:  6    Int:  5 (9)  God:    Gozag
Gold: 513           SH:  8    Dex:  8 (12) Spells: 8/8 levels left

rFire   . . .        a - +1 war axe
rCold   . . .        u - +0 kite shield
rNeg    . . .        b - +0 scale mail
rPois   .            (no helmet)
rElec   .            s - +0 cloak
rCorr   .            n - +1 pair of gloves
SInv    .            (no barding)
Will    .....        (no amulet) Stlth
                     (no ring)
HPRegen 0.32/turn    (no ring)
MPRegen 0.11/turn

%: roll
@: gold aura, drained
A: large, rugged brown scales 3, deformed body, armoured tail, roll, long
tongue, awkward tongue
a: Renounce Religion, Potion Petition, Call Merchant, Bribe Branch


You were on level 7 of the Dungeon.
You worshipped Gozag.
Gozag was pleased with you.
You visited 2 branches of the dungeon, and saw 8 of its levels.

You collected 645 gold pieces.
You paid 132 gold pieces to Gozag.

Inventory:

Hand Weapons
 a - a +1 war axe (weapon)
Armour
 b - a +0 scale mail (worn)
 c - a +0 buckler
 n - a +1 pair of gloves (worn)
 s - a +0 cloak (worn)
 u - a +0 kite shield (worn)
Jewellery
 h - a ring of willpower
Wands
 i - a wand of flame (23)
 p - a wand of polymorph (22)
 z - a wand of mindburst (10)
 A - a wand of roots (3)
Scrolls
 e - 3 scrolls of teleportation
 l - 7 scrolls of identify
 q - a scroll of immolation {unknown}
 v - a scroll of summoning {unknown}
 x - a scroll of enchant armour {unknown}
 y - a scroll of poison {unknown}
Potions
 d - a potion of might
 f - 2 potions of lignification {unknown}
 g - a potion of resistance {unknown}
 j - 3 potions of degeneration
 k - 2 potions of flight {unknown}
 m - 4 potions of curing
 o - a potion of haste {unknown}
 r - a potion of mutation {unknown}
 t - a potion of heal wounds {unknown}
 w - a potion of brilliance {unknown}


   Skills:
 * Level 5.0 Fighting
 * Level 7.1 Axes
 * Level 7.8 Armour
 * Level 5.6 Shields


You had 8 spell levels left.
You didn't know any spells.
Your spell library contained the following spells:

 Spells                   Type           Power      Damage    Failure   Level
 Apportation              Tloc           0%         N/A       98%         1
 Beastly Appendage        Tmut           0%         N/A       98%         1
 Necrotise                Necr           0%         1d4       98%         1
 Summon Small Mammal      Summ           0%         N/A       98%         1
 Blink                    Tloc           0%         N/A       99%         2
 Cigotuvi's Dreadful Rot  Necr/Pois/Air  0%         N/A       99%         2
 Lesser Beckoning         Tloc           0%         N/A       99%         2
 Momentum Strike          Conj/Tloc      0%         3d8       99%         2
 Sublimation of Blood     Necr           0%         N/A       99%         2
 Wereblood                Tmut           0%         N/A       99%         2
 Ignite Poison            Fire/Tmut/Pois 0%         N/A       100%        3
 Spider Form              Tmut/Pois      0%         N/A       100%        3
 Freezing Cloud           Conj/Ice/Air   0%         6-21      100%        5
 Summon Hydra             Summ           0%         N/A       100%        7


Dungeon Overview and Level Annotations

Branches:
Dungeon (7/15)             Temple (1/1) D:6

Altars:
Ashenzari
Cheibriados
Dithmenos
Elyvilon
Fedhas
Gozag
Hepliaklqana
Kikubaaqudgha
Makhleb
Nemelex Xobeh
Okawaru
Qazlal
Ru
Sif Muna
Trog
Uskayaw
Vehumet
Wu Jian
Xom
Yredelemnul
Zin
The Shining One

Shops:
D:2 ?   D:6 :

Annotations:
D:7 Joseph


Innate Abilities, Weirdness & Mutations

You are completely covered in rugged brown scales. (AC +3, +7% HP)
Armour fits poorly on your strangely shaped body.
You have a long armoured tail.
You roll when moving toward enemies. (Rampage)
Your long tongue fully drains potion bottles. (2x potion effects)
Your tongue gives you trouble enunciating. (1.5x scroll delay)


Message History

Unknown command.
You barely miss the wight.
Your tail-slap misses the wight.
The wight barely misses you.
The wight hits you with a +0 dire flail.
* * * LOW HITPOINT WARNING * * *
You feel drained.
* * * LOW HITPOINT WARNING * * *
Unknown command.
Unknown command.
You closely miss the wight. You block the wight's attack.
Unknown command.
You slash the wight!
Your tail-slap misses the wight.
The wight is heavily damaged.
The wight hits you with a +0 dire flail.
* * * LOW HITPOINT WARNING * * *
You feel drained.
You hit the wight but do no damage.
Your tail-slap misses the wight.
The wight is heavily damaged.
The wight hits you but does no damage.
Unknown command.
You hit the wight.
Your tail-slap misses the wight.
The wight is almost destroyed.
You block the wight's attack.
Unknown command.
You closely miss the wight.
The wight is almost destroyed.
You block the wight's attack.
The wight hits you with a +0 dire flail!
* * * LOW HITPOINT WARNING * * *
It was a potion of degeneration.
There was something very wrong with that liquid.
You feel weakened.
You feel dopey.
You feel clumsy.
You slurp down every last drop of the potion of degeneration!
The wight hits you with a +0 dire flail.
* * * LOW HITPOINT WARNING * * *
You hit the wight.
You destroy the wight!
Joseph shoots a sling bullet.
The sling bullet hits you!!
You die...
Your body crumbles into a pile of gold.

#.....# ... .....#######
... #........... ....
#........... ....
#........... ###..##
#.....<..... .......
#...........
.......#######...........
......z$@...##...........
......@####.##......^....
....... #...)).........
....... ####.##).......
....... #.##........
....... ######'##########
....... #.........# #
....... #.........#### #
#............####


You could see Joseph and a wight.

Vanquished Creatures
  Prince Ribbit (D:6)
  Sigmund (D:6)
  A water moccasin (D:6)
  An ogre (D:4)
  5 ice beasts
  2 centaurs
  2 bullfrogs
  Blork the orc (D:4)
  4 wights (D:7)
  A howler monkey (D:6)
  A jelly (D:4)
  An orc priest (D:4)
  A gnoll bouda (D:5)
  A hound (D:5)
  2 iguanas
  5 orc wizards
  9 gnolls
  6 adders
  3 worms (D:3)
  21 orcs
  4 ball pythons
  3 endoplasms (D:2)
  A giant cockroach (D:1)
  6 goblins
  5 hobgoblins
  2 jackals (D:4)
  A quokka (D:3)
  9 bats
  4 frilled lizards (D:1)
  5 kobolds
  6 rats
115 creatures vanquished.

Notes
Turn   | Place    | Note
-------+----------+-------------------------------------------
     0 | D:1      | GigaChad the Armataur Fighter began the quest for the Orb.
     0 | D:1      | Reached XP level 1. HP: 19/19 MP: 1/1
   116 | D:1      | Reached XP level 2. HP: 25/26 MP: 2/2
   710 | D:2      | Found Taegri's Magic Scroll Shop.
   818 | D:2      | Reached XP level 3. HP: 33/33 MP: 3/3
   970 | D:2      | Found an ancient bone altar of Kikubaaqudgha.
  1377 | D:3      | Reached XP level 4. HP: 29/40 MP: 4/4
  1989 | D:4      | Noticed Blork the orc
  1999 | D:4      | Killed Blork the orc
  2000 | D:4      | Reached XP level 5. HP: 12/48 MP: 5/5
  2426 | D:4      | Noticed an ogre
  2431 | D:4      | Killed an ogre
  2432 | D:4      | Reached skill level 5 in Armour
  2432 | D:4      | Reached XP level 6. HP: 42/54 MP: 6/6
  3009 | D:5      | Entered Level 5 of the Dungeon
  3189 | D:5      | Noticed an ice beast
  3200 | D:5      | Killed an ice beast
  3201 | D:5      | Reached XP level 7. HP: 52/62 MP: 7/7
  3287 | D:5      | Found a sacrificial altar of Ru.
  3445 | D:5      | Reached skill level 5 in Axes
  3770 | D:6      | Found a staircase to the Ecumenical Temple.
  3780 | Temple   | Entered the Ecumenical Temple
  3901 | Temple   | Became a worshipper of Gozag Ym Sagoz the Greedy
  4075 | D:6      | Reached XP level 8. HP: 41/70 MP: 8/8
  4299 | D:6      | Reached skill level 5 in Shields
  4422 | D:6      | Noticed Prince Ribbit
  4453 | D:6      | Killed Prince Ribbit
  4891 | D:6      | Noticed Sigmund
  4921 | D:6      | Killed Sigmund
  5065 | D:6      | Found Zonowoi's Self-Improvement Boutique.
  5761 | D:7      | Noticed Joseph
  5765 | D:7      | Reached XP level 9. HP: 55/78 MP: 9/9
  5772 | D:7      | Reached skill level 5 in Fighting
  5784 | D:7      | HP: 1/72 [wight/+0 dire flail (6)]
  5785 | D:7      | Shot with a sling bullet by Joseph

Illustrated notes

Levels and vault maps discovered:
D:1:      heliophobic_arrival_glass_houses, layout_loops_cross, hex_large
D:2:      layout_basic, serial_shops, shop, basic_altar
D:3:      layout_loops_cross
D:4:      layout_basic, uniq_blork_the_orc
D:5:      layout_cave_pools, hangedman_ru_absence, uniq_eustachio
D:6:      layout_basic, minmay_temple_entry_enclosed_plants,
          nicolae_shop_self_help, uniq_prince_ribbit1, uniq_sigmund
D:7:      layout_basic, hangedman_abyss_or_decor_lesser_grid, uniq_joseph,
          uniq_crazy_yiuf_cottage
Temple:   compressed_dpeg_circular_temple

Skill      XL: |  1  2  3  4  5  6  7  8  9 |
---------------+----------------------------+-----
Armour         | 4 5 6 7 |  7.8
Axes           | 2 3 4 5 7 |  7.1
Fighting       | 3 4 5 |  5.0
Shields        | 4 5 |  5.6

Action                     |  1- 3 |  4- 6 |  7- 9 || total
---------------------------+-------+-------+-------++-------
  Melee: War axe           |    97 |    93 |   181 ||   371
         Tailslap          |     3 |    10 |    15 ||    28
         Unarmed           |       |       |     8 ||     8
    Use: Scroll            |     2 |     3 |       ||     5
         Potion            |       |       |     2 ||     2
   Stab: Distracted        |       |       |     1 ||     1
 Armour: Scale mail        |    68 |    66 |    87 ||   221
         Skin              |       |       |     4 ||     4
  Dodge: Dodged            |    47 |    50 |    45 ||   142
  Block: Buckler           |    21 |    25 |     5 ||    51
         Kite shield       |       |       |    64 ||    64
